Map: Glittering Ashes LE

Players

tehbigdirty - Winner!

  • Race: Zerg Zerg
  • League: Platinum

TREELIZARD

  • Race: Zerg Zerg
  • League: Diamond

VOD

Have the link to the VOD?

Description

forgot the first overlord. decided to make a 14 pool. got scouted immediately. straight to mutas.

Time

  • Played on: Nov. 11, 2021, 2:28 a.m.
  • Length: 8:24
Show
View Real Time Build Order
Export as new Build Order

tehbigdirty Zerg - Winner!

Build Orders: Pool First 

Get SALT Encoding   

  12  0:00  Drone  
  13  0:10  Drone  
  14  0:36  Extractor, Spawning Pool  
  14  0:37  Drone x2  
  14  0:44  Overlord  
  14  1:09  Hatchery  
  13  1:14  Drone  
  14  1:27  Queen  
  16  1:37  Drone x2  
  18  1:45  Drone  
  19  1:48  Drone  
  20  2:00  Overlord  
  20  2:06  Lair  
  20  2:11  Drone  
  21  2:17  Extractor  
  20  2:23  Queen  
  22  2:41  Drone  
  22  2:42  Drone x2  
  25  2:45  Drone  
  26  2:59  Queen  
  28  3:06  Queen  
  30  3:12  Spire  
  30  3:14  Drone  
  30  3:21  Drone x3  
  33  3:33  Overlord  
  33  3:46  Evolution Chamber  
  32  3:51  Evolution Chamber  
  32  3:54  Roach Warren  
  30  4:03  Queen  
  30  4:06  Drone x2  
  30  4:07  Drone  
  35  4:22  Extractor x2  
  35  4:23  Drone x3  
  36  4:33  Overlord x2  
  36  4:49  Overlord  
  36  4:51  Queen  
  38  5:12  Mutalisk x5  
  48  5:23  Mutalisk x2  
  52  5:33  Mutalisk  
  54  5:45  Mutalisk  
  56  5:51  Drone x4  
  56  5:54  Overlord  
  60  6:08  Overlord x2  
  60  6:21  Drone x7  
  67  6:35  Drone x4  
  67  7:19  Mutalisk x6  
  77  7:30  Mutalisk  
Show
View Real Time Build Order
Export as new Build Order

TREELIZARD Zerg 

Build Orders: Hatch First 

Get SALT Encoding   

  12  0:13  Drone x2  
  14  0:16  Overlord  
  14  0:36  Drone x2  
  16  1:01  Hatchery  
  15  1:12  Spawning Pool  
  14  1:24  Drone, Extractor  
  14  1:25  Drone  
  15  1:26  Drone  
  16  1:37  Drone  
  17  1:59  Zergling x4  
  19  2:04  Queen  
  21  2:10  Zergling x2  
  21  2:13  Overlord  
  22  2:18  Queen  
  24  2:27  Evolution Chamber  
  24  2:28  Zergling x2  
  25  2:30  Drone  
  25  2:34  Metabolic Boost  
  25  2:46  Spine Crawler  
  25  2:59  Drone, Zergling x6  
  25  3:00  Drone  
  30  3:08  Evolution Chamber  
  29  3:32  Drone x4  
  29  3:33  Zergling x4  
  35  3:37  Zerg Melee Weapons Level 1  
  35  3:57  Drone, Baneling Nest  
  35  3:58  Overlord, Drone  
  36  4:05  Lair  
  36  4:09  Extractor  
  35  4:12  Zergling x2  
  36  4:21  Zergling x2  
  36  4:22  Zergling x6  
  40  4:32  Overlord  
  39  4:40  Drone x4  
  43  5:09  Hatchery  
  43  5:10  Zergling x6  
  43  5:11  Drone x2  
  47  5:32  Spire  
  47  5:34  Zergling x2  
  47  5:35  Zergling x6  
  50  5:47  Drone x2  
  52  5:52  Zerg Ground Armor Level 1  
  52  5:57  Overlord  
  52  5:58  Overlord  
  51  6:15  Queen  
  53  6:32  Overlord  
  53  6:43  Extractor, Mutalisk x3  
  58  6:52  Extractor  
  58  6:53  Mutalisk  
  41  7:24  Spore Crawler  
  41  7:25  Mutalisk  
  41  7:26  Spore Crawler x2  
  35  7:35  Zergling x4  
  35  7:36  Zergling x8  
Tags
 
Add a new tag
Caveats
  • Supply blocks, unpowered buildings, or Contaminate may cause inaccurate times.
  • Supply counts are checked every 10 seconds.